 Dungeon Crawl Stone Soup version 0.30-a0-4-ga7cffc901d (webtiles) character file.

Game seed: 12724647342105046326

174459 inmateoo the Earth Mage (level 17, -13/92 HPs)
             Began as a Gargoyle Earth Elementalist on Aug 20, 2022.
             Was the Champion of Hepliaklqana.
             Mangled by an alligator (18 damage)
             ... on level 1 of the Swamp on Aug 21, 2022.
             The game lasted 01:12:09 (41352 turns).

inmateoo the Earth Mage (GrEE)                     Turns: 41352, Time: 01:12:10

Health: -13/92     AC: 22    Str: 12 (14) XL:     17   Next: 78%
Magic:  5/42       EV: 13    Int: 26      God:    Hepliaklqana [******]
Gold:   1018       SH:  0    Dex:  7 (10) Spells: 21/41 levels left

rFire   + + +      SeeInvis .    n - +9 whip (vorpal)
rCold   + . .      Faith    +    (no shield)
rNeg    + + +      Spirit   .    T - +2 robe {Archmagi}
rPois   ∞          Reflect  .    A - +0 hat "Ciseg" {rF++ rN+}
rElec   +          Harm     .    Z - scarf {rC+ rF+}
rCorr   .          Rampage  .    z - +2 pair of gloves
Will    ++++.      Archmagi +    J - +0 pair of boots
Stlth   ++........               W - amulet "Gusumemp" {Faith rN++ Will++ Int+4}
HPRegen 0.25/turn                O - ring of magical power
MPRegen 0.28/turn                i - ring of willpower

@: flying
A: reduced essence, sickness immunity, AC +12, big wings, negative energy
resistance 1, electricity resistance, torment resistance 1, petrification
resistance, mutation resistance 1, sturdy frame 1
}: 1/15 runes: gossamer
a: Renounce Religion, Recall Ancestor, Ancestor Identity, Transference, Idealise


You were on level 1 of the Swamp.
You worshipped Hepliaklqana.
Hepliaklqana was exalted by your worship.
You visited 6 branches of the dungeon, and saw 28 of its levels.
You also visited: Gauntlet.

You collected 3016 gold pieces.
You spent 1998 gold pieces at shops.

Inventory:

Hand Weapons
 n - a +9 vorpal whip (weapon)
Missiles
 N - a throwing net
Armour
 y - +0 acid dragon scales
 z - a +2 pair of gloves (worn)
 A - the +0 hat "Ciseg" (worn) {rF++ rN+}
   (You found it on level 4 of the Spider Nest)

   rF:        It greatly protects you from fire.
   rN:        It protects you from negative energy.
 F - a +2 cloak of willpower
 J - a +0 pair of boots (worn)
 T - a +2 robe of the Archmagi (worn)
 Z - a scarf of resistance (worn)
Magical Staves
 u - a staff of conjuration
Jewellery
 i - a ring of willpower (right hand)
 x - a ring of fire
 D - a ring of protection from fire
 O - a ring of magical power (left hand)
 P - a ring of wizardry
 Q - a ring of ice
 W - the amulet "Gusumemp" (around neck) {Faith rN++ Will++ Int+4}
   (You bought it in a shop on level 2 of the Orcish Mines)

   [amulet of faith]

   It allows you to gain divine favour quickly.
   Int:       It affects your intelligence (+4).
   rN:        It greatly protects you from negative energy.
   Will:      It greatly increases your willpower.
Wands
 e - a wand of roots (5)
 m - a wand of flame (72)
 s - a wand of polymorph (22)
 t - a wand of light (16)
 w - a wand of mindburst (49)
 G - a wand of paralysis (23)
 R - a wand of digging (11)
Scrolls
 c - 3 scrolls of amnesia
 d - 2 scrolls of brand weapon
 g - 7 scrolls of poison
 l - a scroll of blinking
 o - 5 scrolls of teleportation
 C - 2 scrolls of enchant armour
 H - 8 scrolls of magic mapping
 K - 2 scrolls of summoning
 M - 19 scrolls of identify
 S - 2 scrolls of butterflies
 U - a scroll of enchant weapon
 Y - a scroll of fear
Potions
 a - 2 potions of lignification
 b - 7 potions of magic
 f - 11 potions of curing
 h - 3 potions of resistance
 j - 6 potions of might
 k - a potion of berserk rage
 q - 7 potions of mutation
 r - 7 potions of haste
 v - 3 potions of invisibility
 B - 5 potions of ambrosia
 E - 4 potions of cancellation
 I - 4 potions of heal wounds
 L - 5 potions of brilliance
Miscellaneous
 V - a box of beasts (inert)
 X - a phantom mirror


   Skills:
 + Level 10.7 Fighting
 + Level 6.3 Maces & Flails
 + Level 9.9 Armour
 + Level 5.9 Dodging
 - Level 3.0 Stealth
 + Level 12.5 Spellcasting
 + Level 6.3 Conjurations
 - Level 3.0 Summonings
 - Level 10.0 Necromancy
 - Level 7.0 Transmutations
 - Level 6.0 Air Magic
 + Level 15.5 Earth Magic
 + Level 10.8 Invocations
 - Level 6.0 Evocations


You had 21 spell levels left.
You knew the following spells:

 Your Spells              Type           Power      Damage    Failure   Level
a - Sandblast             Erth           100%       2d20      0%          1
b - Passwall              Tmut/Erth      70%        N/A       1%          2
c - Stone Arrow           Conj/Erth      100%       3d13      1%          3
d - Borgnjor's Vile Clut  Necr/Erth      45%        N/A       1%          5
e - Summon Lightning Spi  Summ/Air       56%        N/A       5%          4
f - Irradiate             Conj/Tmut      33%        3d22      6%          5

Your spell library contained the following spells:

 Spells                   Type           Power      Damage    Failure   Level
 Necrotise                Necr           100%       1d9       1%          1
 Summon Small Mammal      Summ           100%       N/A       1%          1
 Static Discharge         Conj/Air       64%        3-11/arc  1%          2
 Vampiric Draining        Necr           80%        2d11      1%          3
 Animate Armour           Summ/Erth      100%       N/A       1%          4
 Animate Dead             Necr           80%        N/A       1%          4
 Petrify                  Tmut/Erth      85%        N/A       1%          4
 Agony                    Necr           80%        N/A       1%          5
 Call Canine Familiar     Summ           47%        N/A       3%          3
 Conjure Flame            Conj/Fire      48%        6-21      3%          3
 Dazzling Flash           Conj/Hex       96%        N/A       3%          3
 Airstrike                Air            31%        2d(5-21)  3%          4
 Ignite Poison            Fire/Tmut/Pois 42%        N/A       4%          3
 Blade Hands              Tmut           34%        N/A       5%          5
 Summon Guardian Golem    Hex/Summ       36%        N/A       6%          3
 Lightning Bolt           Conj/Air       32%        1d49      8%          5
 Ice Form                 Ice/Tmut       51%        N/A       9%          4
 Death Channel            Necr           40%        N/A       9%          6
 Iskenderun's Mystic Bla  Conj/Tloc      48%        2d11      10%         4
 Sticky Flame             Conj/Fire      48%        2d7       10%         4
 Frozen Ramparts          Ice            48%        1d8       11%         3
 Inner Flame              Hex/Fire       24%        N/A       11%         3
 Ozocubu's Armour         Ice            24%        N/A       11%         3
 Summon Ice Beast         Ice/Summ       36%        N/A       19%         4
 Simulacrum               Ice/Necr       29%        N/A       56%         6
 Metabolic Englaciation   Hex/Ice        12%        N/A       69%         5
 Starburst                Conj/Fire      24%        6d8       83%         6
 Dragon Form              Tmut           34%        N/A       86%         7
 Lehudib's Crystal Spear  Conj/Erth      41%        10d10     95%         8
 Ozocubu's Refrigeration  Ice            12%        4d10      100%        7
 Maxwell's Capacitive Co  Air            31%        ∞         100%        8
 Fire Storm               Conj/Fire      24%        8d6       100%        9


Dungeon Overview and Level Annotations

Branches:
Dungeon (15/15)            Temple (1/1) D:7            Lair (5/5) D:8
  Swamp (1/4) Lair:2       Spider (4/4) Lair:2        Slime (0/5) Lair:5
    Orc (2/2) D:10            Elf (0/3) Orc:2        Vaults (0/5) D:13
 Depths (0/4) D:15        Gauntlet (visited)

Altars:
Ashenzari
Cheibriados
Dithmenos
Elyvilon
Fedhas
Gozag
Hepliaklqana
Kikubaaqudgha
Makhleb
Nemelex Xobeh
Okawaru
Qazlal
Ru
Sif Muna
Trog
Uskayaw
Vehumet
Wu Jian
Xom
Yredelemnul
Zin
The Shining One
Jiyva

Shops:
D:8 *   D:9 [   Orc:1 ?   Orc:2 =*!(=

Portals:
Trove: D:11 (give 15 scrolls of teleportation)

Annotations:
D:8 1 runed translucent door, Endy73's ghost, novice DEFE
D:13 Erolcha
Lair:5 1 runed translucent door


Innate Abilities, Weirdness & Mutations

Your life essence is reduced to manifest your ancestor. (-10% HP)
You are immune to sickness and miasma.
Your stone body is resilient. (AC +12)
You are immune to poison.
Your large and strong wings let you fly.
You resist negative energy. (rN+)
You are resistant to electric shocks. (rElec)
You are resistant to unholy torment.
You are immune to petrification.
You are somewhat resistant to further mutation.
Your movements are slightly less encumbered by armour. (ER -2)


Message History

Confirm with . or Enter, or press ? or * to list all spells.
Aiming: Borgnjor's Vile Clutch (mildly dangerous; 1% risk of failure)
Press: ? - help, Shift-Dir - straight line, f - alligator
Aim: an alligator (lightly wounded, covering ground quickly, 100% to hit)
You feel a surge of power!
Zombie hands grab the alligator.
The zombie hands constrict the alligator.
The alligator struggles to escape constriction.
The zombie hands constrict the alligator!
The alligator struggles to escape constriction. x2
The zombie hands lose their grip on something.
Casting: Borgnjor's Vile Clutch (mildly dangerous; 1% risk of failure)
Confirm with . or Enter, or press ? or * to list all spells.
Aiming: Borgnjor's Vile Clutch (mildly dangerous; 1% risk of failure)
Press: ? - help, Shift-Dir - straight line, f/p - alligator
Aim: an alligator (moderately wounded, covering ground quickly, 100% to hit)
You feel a surge of power!
Zombie hands grab the alligator.
The zombie hands constrict the alligator.
The alligator struggles to escape constriction. x2
The zombie hands constrict the alligator!!
The alligator struggles to escape constriction.
The zombie hands constrict the alligator!
The alligator struggles to escape constriction.
There is a staircase back to the Lair here.
Casting: Borgnjor's Vile Clutch (mildly dangerous; 1% risk of failure)
Confirm with . or Enter, or press ? or * to list all spells.
Aiming: Borgnjor's Vile Clutch (mildly dangerous; 1% risk of failure)
Press: ? - help, Shift-Dir - straight line, f - alligator, p - alligator
Aim: an alligator (heavily wounded, wandering, covering ground quickly, hasn't noticed you, 100% to hit)
You feel a surge of power!
Zombie hands grab the alligator.
The zombie hands constrict the alligator! x2
The alligator escapes! x2
The alligator bites you!
* * * LOW HITPOINT WARNING * * *
The alligator tail-slaps you.
* * * LOW HITPOINT WARNING * * *
The alligator bites you!!
You die...

♣♣♣♣...~~..~~..~~~~~
♣....~~...~§~~.~~~~~
♣~.~.~§~~..~~~...~~~
♣....~~~~†.....~..~~
♣♣♣..~~~§.~~...♣♣...
♣♣~~...~§w..~~~♣♣ t
♣~.~~..~~~...♣♣♣
♣♣♣♣♣♣.tt~.♣♣♣
♣♣@..~♣ ♣♣♣♣♣♣


You could see 2 alligators and a tyrant leech.

Vanquished Creatures
  Rupert (D:12)
  Gastronok (Lair:2)
  3 emperor scorpions
  2 broodmothers
  4 entropy weavers (Spider:4)
  3 spark wasps
  A minotaur (Gauntlet)
  Josephine (Orc:2)
  A fire dragon (D:13)
  An ogre mage (D:15)
  A boulder beetle (D:11)
  9 hydras
  2 death knights (D:14)
  A catoblepas (Lair:4)
  2 jorogumos
  7 centaur warriors
  A radroach (Spider:1)
  7 two-headed ogres
  An alligator (Swamp:1)
  A death yak (Lair:5)
  Urug (Orc:2)
  2 orc high priests (Orc:2)
  Nergalle (D:12)
  A fire crab (Gauntlet)
  3 skeletal warriors (D:15)
  2 pharaoh ants (Spider:3)
  A goliath frog (Swamp:1)
  7 steelbarb worms
  5 orb spiders
  A lindwurm (Lair:5)
  2 wizards (D:15)
  3 orc knights (Orc:2)
  Pikel (D:4)
  A necromancer (Gauntlet)
  5 orc sorcerers (Orc:2)
  4 deep elf pyromancers
  8 wolf spiders
  An oklob plant (Gauntlet)
  18 ugly things
  A worldbinder (Gauntlet)
  2 manticores (Lair:5)
  2 cyclopes
  A black mamba (Lair:4)
  2 moths of wrath (Spider:4)
  2 elephants (Lair:5)
  4 cane toads
  5 torpor snails
  4 demonic crawlers
  A gargoyle (D:12)
  4 freezing wraiths
  Psyche (D:8)
  A rime drake (Lair:4)
  A komodo dragon (Lair:3)
  3 efreet (D:15)
  A bloated husk (Swamp:1)
  3 meliai (Spider:3)
  A troll (D:9)
  10 hornets
  10 blink frogs
  2 tyrant leeches (Lair:5)
  19 tarantellas
  2 dream sheep (Lair:5)
  7 slime creatures
  A jumping spider (shapeshifter) (D:13)
  12 culicivoras
  A vampire (D:9)
  A shadow (D:10)
  13 jumping spiders
  4 wraiths
  Eustachio (D:5)
  17 yaks
  6 wyverns
  A fire bat (Gauntlet)
  A basilisk (Lair:2)
  2 steam dragons
  36 redbacks
  8 vampire mosquitoes
  A swamp worm (Swamp:1)
  A warg (Orc:2)
  Edmund (D:6)
  8 water moccasins
  4 acid dragons
  Duvessa (D:5)
  12 orc warriors
  2 sky beasts
  4 black bears
  3 boggarts
  5 ogres
  16 wolves
  11 centaurs
  A lemure (D:4)
  2 phantoms
  Blork the orc (D:6)
  2 kobold brigands (D:8)
  5 bullfrogs
  2 scorpions
  2 necrophages
  5 wights (D:8)
  Dowan (D:5)
  14 killer bees
  An electric eel (Spider:4)
  4 howler monkeys (D:9)
  8 orc priests
  2 hounds (D:5)
  3 jellies
  Crazy Yiuf (D:7)
  3 iguanas
  Natasha (thrice) (D:2)
  10 orc wizards
  11 gnolls
  9 adders
  A shadow imp (D:7)
  A white imp (D:7)
  2 ufetubi
  2 worms
  51 orcs
  A bat (D:3)
  10 endoplasms
  A giant cockroach (D:2)
  3 goblins
  8 hobgoblins
  13 kobolds
  2 quokkas
  3 ball pythons
  3 frilled lizards
  7 rats
577 creatures vanquished.

Vanquished Creatures (collateral kills)
  Arachne (Spider:2)
  Frances (Spider:2)
  2 emperor scorpions (Spider:4)
  Aizul (Spider:3)
  2 ghost moths (Spider:4)
  An entropy weaver (Spider:3)
  A spark wasp (Spider:2)
  A bunyip (Swamp:1)
  Snorg (D:12)
  An ettin (Orc:2)
  An ice dragon (Lair:5)
  A hydra (Lair:5)
  A jorogumo (Spider:3)
  3 boulder beetles
  A radroach (Spider:4)
  A catoblepas (Lair:5)
  2 death yaks (Lair:5)
  An orc high priest (Orc:2)
  2 pharaoh ants
  4 skeletal warriors
  2 lindwurms (Lair:5)
  5 steelbarb worms
  An orb spider (Spider:2)
  A bog body (Lair:2)
  2 orc knights (Orc:2)
  A deep elf pyromancer (D:14)
  8 ugly things (D:15)
  3 wolf spiders
  A phantasmal warrior (D:14)
  An orc sorcerer (Orc:2)
  3 cyclopes
  2 black mambas
  Maurice (D:11)
  3 torpor snails (Lair:5)
  3 cane toads
  A gargoyle (D:11)
  A rime drake (Lair:3)
  A kobold demonologist (D:10)
  2 unseen horrors
  3 demonic crawlers
  An efreet (D:14)
  A freezing wraith (D:14)
  A komodo dragon (Lair:1)
  2 trolls (Orc:2)
  2 hornets (Lair:5)
  2 tyrant leeches
  9 tarantellas
  A polar bear (Lair:5)
  5 blink frogs
  A slime creature (D:14)
  A dream sheep (Lair:5)
  8 culicivoras
  8 wraiths
  8 jumping spiders
  2 wyverns
  A basilisk (Lair:3)
  11 yaks
  A basilisk (shapeshifter) (D:13)
  20 redbacks
  3 fire bats (Gauntlet)
  3 water moccasins
  A vampire mosquito (D:11)
  7 orc warriors
  An ogre (Orc:1)
  A boggart (D:14)
  2 wolves
  6 centaurs
  2 bullfrogs
  A gnoll sergeant (D:10)
  3 killer bees (D:11)
  A howler monkey (D:9)
  5 orc priests
  A hell rat (Lair:5)
  7 orc wizards
  A gnoll (D:10)
  12 orcs
  A hobgoblin (D:10)
217 creatures vanquished.

Vanquished Creatures (others)
  An emperor scorpion (Spider:4)
  A bloated husk (Swamp:1)
  5 ancestors
  46 battlemagi
  2 demonic plants (Gauntlet)
  6 foxfires (Swamp:1)
  23 fungi
  39 plants
123 creatures vanquished.

Grand Total: 917 creatures vanquished

Notes
Turn   | Place    | Note
-------+----------+-------------------------------------------
     0 | D:1      | inmateoo the Gargoyle Earth Elementalist began the quest
                  | for the Orb.
     0 | D:1      | Reached XP level 1. HP: 10/10 MP: 3/3
   232 | D:1      | Reached XP level 2. HP: 16/16 MP: 3/5
   310 | D:1      | Found a faded altar of an unknown god.
   960 | D:2      | Reached skill level 1 in Transmutations
   960 | D:2      | Reached XP level 3. HP: 20/20 MP: 2/6
   966 | D:2      | Learned a level 2 spell: Passwall
   970 | D:2      | Learned a level 3 spell: Stone Arrow
  1123 | D:2      | Reached skill level 1 in Armour
  1286 | D:2      | Noticed Natasha
  1288 | D:2      | Reached skill level 1 in Fighting
  1291 | D:2      | Killed Natasha
  1292 | D:2      | Reached skill level 4 in Earth Magic
  1292 | D:2      | Reached XP level 4. HP: 18/25 MP: 0/7
  1412 | D:2      | Noticed Natasha
  1417 | D:2      | Killed Natasha
  1489 | D:2      | Noticed Natasha
  1499 | D:2      | Killed Natasha
  1500 | D:2      | Reached XP level 5. HP: 19/30 MP: 4/8
  2763 | D:3      | Reached XP level 6. HP: 35/35 MP: 4/10
  3060 | D:4      | Learned a level 5 spell: Borgnjor's Vile Clutch
  3661 | D:5      | Entered Level 5 of the Dungeon
  3666 | D:5      | Noticed Pikel
  3688 | D:4      | Killed Pikel
  3689 | D:4      | Reached skill level 1 in Necromancy
  3689 | D:4      | Reached skill level 5 in Earth Magic
  3689 | D:4      | Reached XP level 7. HP: 15/41 MP: 1/12
  3810 | D:4      | Reached XP level 8. HP: 33/48 MP: 9/13
  4346 | D:5      | Noticed Eustachio
  4416 | D:5      | Noticed Duvessa
  4436 | D:5      | Killed Duvessa
  4437 | D:5      | Reached skill level 6 in Earth Magic
  4437 | D:5      | Noticed Dowan
  4444 | D:5      | Killed Dowan
  5142 | D:5      | Killed Eustachio
  5143 | D:5      | Reached skill level 5 in Spellcasting
  5143 | D:5      | Reached XP level 9. HP: 52/52 MP: 2/16
  5411 | D:6      | Reached skill level 7 in Earth Magic
  5445 | D:6      | Noticed Blork the orc
  5448 | D:6      | Killed Blork the orc
  5915 | D:6      | Found an ornate altar of the Wu Jian Council.
  6159 | D:6      | Noticed Edmund
  6169 | D:6      | Killed Edmund
  6170 | D:6      | Reached skill level 8 in Earth Magic
  6498 | D:7      | Noticed a hornet
  6501 | D:7      | Killed a hornet
  6502 | D:7      | Reached skill level 5 in Necromancy
  6744 | D:7      | Found an opulent altar of Gozag.
  6790 | D:7      | Reached skill level 1 in Conjurations
  7016 | D:7      | Found a runed translucent door.
  7017 | D:7      | Noticed Crazy Yiuf
  7093 | D:7      | Found a staircase to the Ecumenical Temple.
  7132 | Temple   | Entered the Ecumenical Temple
  7375 | Temple   | Became a worshipper of Hepliaklqana the Forgotten
  7463 | D:7      | Reached XP level 10. HP: 58/58 MP: 13/17
  7605 | D:7      | Killed Crazy Yiuf
  7653 | D:8      | Noticed a deep elf pyromancer
  7659 | D:8      | Killed a deep elf pyromancer
  7686 | D:8      | Noticed a red ugly thing
  7706 | D:7      | Reached skill level 5 in Armour
  7994 | D:8      | Noticed Psyche
  8003 | D:8      | Killed Psyche
  8004 | D:8      | Reached skill level 5 in Fighting
  8037 | D:8      | Found Moyresea's Hallowed Reliquary.
  8043 | D:8      | Noticed an angel
  8100 | D:8      | Bought a potion of heal wounds for 60 gold pieces
  8100 | D:8      | Bought a potion of heal wounds for 60 gold pieces
  8100 | D:8      | Bought a potion of heal wounds for 60 gold pieces
  8107 | D:8      | Found a runed translucent door.
  8111 | D:8      | Identified the +2 trident "Worm's Wrath" {protect, Dex+4}
  8113 | D:8      | Noticed Endy73's ghost (novice DEFE)
  8241 | D:8      | Noticed a two-headed ogre
  8251 | D:8      | Killed a two-headed ogre
  8252 | D:8      | Reached skill level 5 in Transmutations
  8252 | D:8      | Reached skill level 9 in Earth Magic
  8555 | D:8      | Found a staircase to the Lair.
  8848 | D:8      | Reached * piety under Hepliaklqana
  9062 | D:9      | Found Fery's Antique Armour Emporium.
  9127 | D:9      | Noticed a two-headed ogre
  9133 | D:9      | Killed a two-headed ogre
  9259 | D:9      | Found a basalt altar of Yredelemnul.
  9263 | D:9      | Found a glowing silver altar of Zin.
  9265 | D:9      | Found a burning altar of Makhleb.
  9269 | D:9      | Found a broken altar of Ashenzari.
  9269 | D:9      | Found an ancient bone altar of Kikubaaqudgha.
  9269 | D:9      | Found a sacrificial altar of Ru.
  9270 | D:9      | Found a shimmering blue altar of Sif Muna.
  9367 | D:9      | Reached XP level 11. HP: 41/56 MP: 6/21
  9539 | D:9      | Got the Opusculum on the Ensnaring Inferno
  9553 | D:9      | Found a hide-covered altar of Uskayaw.
  9643 | D:9      | Reached skill level 10 in Earth Magic
  9961 | D:10     | Entered Level 10 of the Dungeon
 10036 | D:10     | Found a staircase to the Orcish Mines.
 10298 | D:10     | Reached skill level 1 in Invocations
 10386 | D:10     | Found a shimmering altar of Xom.
 10477 | D:10     | Found a blossoming altar of Fedhas.
 10548 | D:10     | Reached ** piety under Hepliaklqana
 10549 | D:10     | Remembered your ancestor Friðuswiþ as a battlemage
 11181 | D:11     | Noticed Maurice
 11187 | D:11     | Killed Maurice
 11188 | D:11     | Reached skill level 5 in Invocations
 11228 | D:11     | Found a gate leading to a gauntlet.
 11235 | Gauntlet | Entered a Gauntlet
 11235 | Gauntlet | Found a transporter.
 11235 | Gauntlet | Found a transporter.
 11235 | Gauntlet | Found a transporter.
 11239 | Gauntlet | Found a transporter.
 11241 | Gauntlet | Found a transporter.
 11242 | Gauntlet | Noticed a necromancer
 11249 | Gauntlet | Found a transporter.
 11254 | Gauntlet | Found a transporter.
 11254 | Gauntlet | Noticed a minotaur
 11262 | Gauntlet | Found a transporter.
 11266 | Gauntlet | Noticed a fire crab
 11270 | Gauntlet | Found a transporter.
 11288 | Gauntlet | Found a transporter.
 11293 | Gauntlet | Noticed a worldbinder
 11296 | Gauntlet | Found a transporter.
 11314 | Gauntlet | Found a transporter.
 11347 | Gauntlet | Noticed a death drake
 11394 | Gauntlet | Noticed an oklob plant
 11554 | Gauntlet | Killed an oklob plant
 11666 | Gauntlet | Killed a worldbinder
 11740 | Gauntlet | Killed a fire crab
 11772 | Gauntlet | Identified the +0 helmet "Kiegismi" {+Blink rPois}
 11961 | Gauntlet | Killed a necromancer
 12084 | Gauntlet | Killed a minotaur
 12085 | Gauntlet | Reached XP level 12. HP: 37/62 MP: 0/23
 12256 | D:11     | Reached *** piety under Hepliaklqana
 12326 | D:11     | Noticed a five-headed hydra
 12332 | D:11     | Killed a five-headed hydra
 12548 | D:11     | Noticed a boulder beetle
 12557 | D:11     | Killed a boulder beetle
 12973 | D:11     | Reached skill level 11 in Earth Magic
 13049 | D:11     | Found a portal to a secret trove of treasure.
 13115 | D:11     | You fall into a shaft and drop 3 floors!
 13222 | D:12     | Noticed Nergalle
 13231 | D:12     | Killed Nergalle
 13779 | D:12     | Noticed Rupert
 13786 | D:12     | Killed Rupert
 14046 | D:12     | Reached **** piety under Hepliaklqana
 14070 | D:12     | Reached skill level 12 in Earth Magic
 14107 | D:12     | Noticed Snorg
 14114 | D:12     | Killed Snorg
 14772 | D:13     | Noticed a centaur warrior
 14776 | D:13     | Killed a centaur warrior
 14940 | D:13     | Noticed a boulder beetle
 14950 | D:13     | Killed a boulder beetle
 14951 | D:13     | Reached skill level 10 in Spellcasting
 15141 | D:13     | Noticed a four-headed hydra
 15147 | D:13     | Killed a four-headed hydra
 15148 | D:13     | Reached XP level 13. HP: 55/66 MP: 20/27
 15217 | D:13     | Noticed Erolcha
 16120 | D:13     | Noticed a fire dragon
 16127 | D:13     | Killed a fire dragon
 16326 | D:13     | Found a gate to the Vaults.
 17025 | D:14     | Reached ***** piety under Hepliaklqana
 17531 | Lair:1   | Entered Level 1 of the Lair of Beasts
 17861 | Lair:1   | Found a basalt altar of Yredelemnul.
 18800 | Lair:2   | Found a stormy altar of Qazlal.
 18807 | Lair:2   | Found a hole to the Spider Nest.
 18901 | Lair:2   | Found a staircase to the Swamp.
 18999 | Lair:2   | Noticed Gastronok
 19025 | Lair:2   | Killed Gastronok
 19026 | Lair:2   | Reached skill level 1 in Maces & Flails
 19161 | Lair:2   | Reached skill level 5 in Dodging
 19406 | Lair:2   | You fall into a shaft and drop 2 floors!
 19653 | Lair:4   | Gained mutation: Your large and strong wings let you fly.
                  | [Gargoyle growth]
 19653 | Lair:4   | Reached XP level 14. HP: 63/73 MP: 24/28
 20770 | Lair:5   | Entered Level 5 of the Lair of Beasts
 21366 | Lair:3   | Reached skill level 13 in Earth Magic
 22321 | Lair:5   | Found a runed translucent door.
 22321 | Lair:5   | Found a viscous altar of Jiyva.
 22322 | Lair:5   | Found a staircase to the Slime Pits.
 22322 | Lair:5   | Noticed an azure jelly
 22772 | Lair:5   | Reached ****** piety under Hepliaklqana
 23081 | Lair:5   | Reached skill level 5 in Maces & Flails
 23319 | Lair:5   | Reached skill level 14 in Earth Magic
 23462 | Lair:5   | Found the +1 robe of Vines {NoPotionHeal Regen++++}
 23647 | Lair:5   | Identified the +5 ring mail of Poor Excuses {rF- MP+9 Str+4
                  | Dex+3}
 23714 | Lair:5   | Found a runed translucent door.
 23943 | Lair:5   | Reached skill level 1 in Evocations
 24573 | Orc:1    | Entered Level 1 of the Orcish Mines
 24575 | Orc:1    | Found Lecierua's Magic Scroll Boutique.
 24601 | Orc:1    | Bought a scroll of identify for 22 gold pieces
 24601 | Orc:1    | Bought a scroll of magic mapping for 82 gold pieces
 24693 | Orc:2    | Entered Level 2 of the Orcish Mines
 25362 | Orc:2    | Found a staircase to the Elven Halls.
 25812 | Orc:2    | Reached XP level 15. HP: 80/80 MP: 30/30
 26054 | Orc:2    | Noticed Urug
 26060 | Orc:2    | Killed Urug
 27028 | Orc:2    | Found Aqaggi Zeis's Jewellery Shop.
 27028 | Orc:2    | Found Ruchinuu's General Store.
 27030 | Orc:2    | Found Ydaliyx's Distillery.
 27030 | Orc:2    | Found Waoxin's Weapon Shoppe.
 27036 | Orc:2    | Bought the amulet "Gusumemp" {Faith rN++ Will++ Int+4} for
                  | 1118 gold pieces
 27044 | Orc:2    | Bought a potion of curing for 39 gold pieces
 27044 | Orc:2    | Bought a potion of magic for 104 gold pieces
 27044 | Orc:2    | Bought a potion of curing for 39 gold pieces
 27044 | Orc:2    | Bought a potion of resistance for 130 gold pieces
 27047 | Orc:2    | Bought a scroll of magic mapping for 112 gold pieces
 27047 | Orc:2    | Bought a scroll of magic mapping for 112 gold pieces
 27047 | Orc:2    | Bought a potion of brilliance for 60 gold pieces
 27139 | Orc:2    | Found Caofruff's Jewellery Boutique.
 27235 | Orc:1    | Noticed Josephine
 27395 | Orc:2    | Killed Josephine
 27837 | Orc:1    | Found a burning altar of Makhleb.
 28859 | D:14     | Reached skill level 5 in Conjurations
 29037 | D:15     | Entered Level 15 of the Dungeon
 30074 | D:15     | Reached skill level 15 in Earth Magic
 30302 | D:15     | Found an ornate altar of the Wu Jian Council.
 30646 | D:14     | Learned a level 4 spell: Summon Lightning Spire
 30652 | D:14     | Learned a level 5 spell: Irradiate
 30733 | D:15     | Reached XP level 16. HP: 86/86 MP: 22/31
 30735 | D:15     | Reached skill level 1 in Summonings
 30899 | D:15     | Reached skill level 1 in Air Magic
 31713 | D:15     | Gained mutation: Your movements are slightly less
                  | encumbered by armour. (ER -2) [potion of mutation]
 31713 | D:15     | Gained mutation: You are somewhat resistant to further
                  | mutation. [potion of mutation]
 32058 | D:15     | Found a staircase to the Depths.
 32293 | Spider:1 | Entered Level 1 of the Spider Nest
 32299 | Spider:1 | Reached skill level 10 in Necromancy
 32935 | Spider:1 | Reached skill level 10 in Fighting
 33043 | Lair:2   | Reached skill level 5 in Evocations
 34343 | Spider:2 | Noticed Frances
 34346 | Spider:2 | Reached skill level 10 in Invocations
 34358 | Spider:2 | Killed Frances
 34825 | Spider:2 | Noticed Arachne
 35179 | Spider:2 | Reached skill level 5 in Air Magic
 35352 | Spider:2 | Killed Arachne
 36542 | Spider:3 | Reached XP level 17. HP: 91/91 MP: 22/33
 36661 | Spider:3 | Noticed Aizul
 36672 | Spider:3 | Killed Aizul
 38155 | Spider:4 | Entered Level 4 of the Spider Nest
 40977 | Spider:4 | Got a gossamer rune of Zot
 40983 | Spider:4 | Identified the +0 hat "Ciseg" {rF++ rN+}
 41209 | Swamp:1  | Entered Level 1 of the Swamp
 41352 | Swamp:1  | Mangled by an alligator

Illustrated notes

Levels and vault maps discovered:
D:1:      minmay_arrival_hallway, layout_basic, shapermc_ecumenical_altar_ellora
D:2:      layout_loops_ring, serial_forest, infiniplex_forest_end_1,
          infiniplex_forest_lined_3, infiniplex_forest_clump_long,
          infiniplex_forest_clump_long, infiniplex_forest_zigzag_1,
          infiniplex_forest_straight_2, uniq_natasha
D:3:      layout_basic
D:4:      layout_basic
D:5:      layout_gridville, corexii_hall_statues_t, uniq_duvessa, uniq_pikel,
          uniq_eustachio
D:6:      layout_gridville, kennysheep_mini, uniq_blork_the_orc, uniq_edmund
D:7:      layout_loops_ring, nicolae_gozag_cash_rules_everything_around_me,
          minmay_temple_entry_hall, nicolae_kite_square_tiling_tiny,
          uniq_crazy_yiuf_cottage
D:8:      minmay_curly_fans, layout_loops_ring, dpeg_oklobed_lair,
          ebering_ghost_funeral_grove, nicolae_good_shop, uniq_psyche
D:9:      layout_gridville, grunt_temple_overflow_open,
          eat_drink_and_be_merry_uskayaw, serial_shops,
          nicolae_shop_statue_plus, serial_park_tiny_1
D:10:     layout_loops_corners, tgw_xom, fedhas_ov_isle_minmay, david_orc_2
D:11:     layout_irregular_city, gauntlet_entry_generic, trove_entry_hex_spiral,
          uniq_maurice
D:12:     layout_stronghold, kennysheep_another_room, uniq_nergalle,
          uniq_rupert, uniq_snorg
D:13:     layout_long_grid, david_vaults_4, uniq_erolcha
D:14:     layout_roguey, hangedman_abyss_or_decor_clamps
D:15:     grunt_enter_depths_hoard, layout_layer_cave,
          nicolae_wu_jian_wuxing_cycle
Temple:   dpeg_chambers_temple
Lair:1:   layout_cave_pods, basic_altar, pond, grunt_megastairs_3
Lair:2:   layout_cellular_growth, skrybe_swamp_entry_bodies,
          spider_nest_entry_webs, basic_altar, lemuel_fruit_tree, uniq_gastronok
Lair:3:   layout_cave_shapes, serial_rivers, chequers_serial_rivers_room_b,
          chequers_serial_rivers_room_b, chequers_serial_rivers_large_b,
          chequers_serial_rivers_micro_b, lemuel_fruit_fields,
          grunt_megastairs_2, infiniplex_staircase_pool_2
Lair:4:   layout_cave_pods
Lair:5:   wormcave, layout_misc_corridors, hangedman_lair_in_review,
          slime_entry_2
Swamp:1:  layout_basic_swamp, evilmike_swamp_ruin_house_4,
          infiniplex_staircase_pool
Spider:1: layout_spider_delve, hangedman_spider_tarantella_strand
Spider:2: layout_spider_delve, guppyfry_spider_mini_2, uniq_frances,
          uniq_arachne
Spider:3: layout_chambers, uniq_aizul
Spider:4: grunt_spider_rune_circles
Orc:1:    layout_caves, serial_shops, shop, statue_in_the_mist_lemuel,
          bloody_makhleb, uniq_josephine
Orc:2:    grunt_orc_tribal_feast, layout_diamond_mine, serial_shops,
          nicolae_shop_statue_plus, uniq_urug

Skill      XL: |  1  2  3  4  5  6  7  8  9 10 11 12 13 14 15 16 17 |
---------------+----------------------------------------------------+-----
Transmutations | 1 2 3 4 5 6 7 |  7.0
Armour         | 1 2 3 4 5 6 7 8 9 |  9.9
Fighting       | 1 2 3 4 5 6 7 8 9 10 | 10.7
Dodging        | 2 3 4 5 |  5.9
Earth Magic    | 4 5 6 8 9 10 12 14 15 | 15.5
Stealth        | 3 |  3.0
Spellcasting   | 3 5 6 7 10 11 12 | 12.5
Necromancy     | 1 3 5 6 7 8 9 10 | 10.0
Conjurations   | 1 2 3 5 6 |  6.3
Invocations    | 5 6 7 8 10 | 10.8
Maces & Flails | 2 5 6 |  6.3
Evocations     | 1 4 5 6 |  6.0
Summonings     | 3 |  3.0
Air Magic      | 5 6 |  6.0

Action                   |  1- 3 |  4- 6 |  7- 9 | 10-12 | 13-15 | 16-18 || total
-------------------------+-------+-------+-------+-------+-------+-------++-------
Melee: Unarmed           |     2 |    13 |       |       |       |       ||    15
       Whip              |       |       |       |   105 |   336 |   156 ||   597
       Punch             |       |       |       |     2 |     5 |     6 ||    13
 Cast: Sandblast         |    37 |    93 |   145 |    71 |    24 |     1 ||   371
       Stone Arrow       |       |     2 |     7 |   117 |   224 |   109 ||   459
       Borgnjor's Vile C |       |       |       |    24 |   104 |   116 ||   244
       Irradiate         |       |       |       |       |       |    24 ||    24
       Summon Lightning  |       |       |       |       |       |    19 ||    19
Invok: Ancestor Life: Ba |       |       |       |     1 |       |       ||     1
       Recall Ancestor   |       |       |       |     1 |     4 |     2 ||     7
       Idealise          |       |       |       |       |     1 |       ||     1
Evoke: Wand              |       |     3 |     4 |     6 |    10 |     2 ||    25
       Phantom mirror    |       |       |       |     1 |     1 |       ||     2
       Box of beasts     |       |       |       |       |     1 |     1 ||     2
  Use: Scroll            |     6 |     4 |     5 |    17 |    14 |     7 ||    53
       Potion            |       |       |       |     1 |     2 |     3 ||     6
 Stab: Sleeping          |       |       |       |     1 |     2 |       ||     3
       Distracted        |       |       |       |       |     6 |     1 ||     7
       Invisible         |       |       |       |       |       |     1 ||     1
Armor: Robe              |     6 |    11 |    58 |   169 |   308 |   304 ||   856
Dodge: Dodged            |    14 |    32 |   112 |   170 |   357 |   281 ||   966

Table legend: (Time is in decaauts)
 A = Elapsed time spent in this place.
 B = Non-inter-level travel time spent in this place.
 C = Inter-level travel time spent in this place.
 D = Time resting spent in this place.
 E = Time spent auto-exploring this place.
 F = Levels seen in this place.
 G = Mean time per level.
                   A        B        C        D        E       F      G
               +--------+--------+--------+--------+--------+-----+--------+
         Total |  41560 |  39580 |   1980 |  18158 |  14710 |  29 | 1433.1 |
       Dungeon |  20773 |  19689 |   1084 |   7826 |   8559 |  15 | 1384.9 |
        Temple |    270 |    243 |     27 |      0 |    228 |   1 |  270.0 |
          Lair |   8294 |   7716 |    578 |   3537 |   3171 |   5 | 1658.8 |
         Swamp |    142 |    142 |      0 |     47 |     28 |   1 |  142.0 |
   Spider Nest |   7665 |   7531 |    134 |   4026 |   1883 |   4 | 1916.2 |
  Orcish Mines |   3421 |   3267 |    154 |   2128 |    681 |   2 | 1710.5 |
      Gauntlet |    992 |    992 |      0 |    594 |    160 |   1 |  992.0 |
               +--------+--------+--------+--------+--------+-----+--------+

Top non-repeatable levels by time:
   Orc:2: 2601 daAuts
Spider:3: 2556 daAuts
    D:14: 2511 daAuts
Spider:4: 2394 daAuts
    D:15: 2385 daAuts
  Lair:2: 2192 daAuts
  Lair:5: 2072 daAuts
    D:13: 1872 daAuts
     D:4: 1580 daAuts
     D:8: 1520 daAuts
  Lair:4: 1458 daAuts
    D:12: 1422 daAuts
Spider:2: 1408 daAuts
  Lair:1: 1324 daAuts
    D:10: 1307 daAuts
